General information
			
			
        
        - name: BNet
 
        - type: Ladder 1vs1/FFA
 
        - host: Battle.net
 
        - saver: DirtMcGirt
 
        
map: CentaurGrove 
        - players: 2
 
        - length: 13:11
 
        - speed: Fast
 - version: 1.22 W3XP
 - replay type:  Public
 
» download(41 KB)
Players
        team 1 (loser) 
              
              
Aeolean (
green | 45 APM | 592 actions | 13:10)
              
 3 Demon Hunter 
 2 Mana Burn
 1 Evasion
 1 Priestess of the Moon 
 1 Trueshot Aura
 
                » actions 
                
                | Assign group hotkey | 21 |  | 
| Basic commands | 74 |  | 
| Build / train | 48 |  | 
| ESC pressed | 6 |  | 
| Enter build submenu | 13 |  | 
| Enter hero's abilities submenu | 4 |  | 
| Right click | 208 |  | 
| Select / deselect | 160 |  | 
| Select group hotkey | 30 |  | 
| Use ability | 28 |  | 
                592 total
 » units 
                
                | Wisp | 9 |  | 
| Huntress | 12 |  | 
| Druid of the Talon | 14 |  | 
| Hippogryph | 1 |  | 
| Archer | 2 |  | 
                38 total
 » upgrades
                
                | Ultravision | 1 |  | 
| Druid of the Talon Training | 1 |  | 
                2 total
 » buildings
                
                | Altar of Elders | 1 |  | 
| Moon Well | 5 |  | 
| Ancient of War | 2 |  | 
| Hunter's Hall | 1 |  | 
| Tree of Ages | 1 |  | 
| Ancient of Wind | 2 |  | 
| Ancient Protector | 1 |  | 
                13 total
 » build order
                00:05 Altar of Elders
00:17 Moon Well
01:36 Ancient of War
01:57 Ancient of War
01:59 Hunter's Hall
02:07 Moon Well
03:33 Tree of Ages
04:49 Moon Well
06:09 Ancient of Wind
07:21 Ancient of Wind
08:25 Moon Well
09:24 Moon Well
09:55 Ancient Protector
 
               team 2 (winner) 
              
              
» 
DirtMcGirt (
orange | 98 APM | 1288 actions | 13:11)
              
 4 Archmage 
 2 Summon Water Elemental
 2 Brilliance Aura
 2 Mountain King 
 1 Storm Bolt
 1 Bash
 
                » actions 
                
                | Assign group hotkey | 16 |  | 
| Basic commands | 1 |  | 
| Build / train | 43 |  | 
| Enter build submenu | 17 |  | 
| Enter hero's abilities submenu | 8 |  | 
| Remove unit from queue | 2 |  | 
| Right click | 684 |  | 
| Select / deselect | 352 |  | 
| Select group hotkey | 128 |  | 
| Use ability | 37 |  | 
                1288 total
 » units 
                
                | Peasant | 6 |  | 
| Footman | 5 |  | 
| Rifleman | 6 |  | 
| Mortar Team | 1 |  | 
| Spell Breaker | 4 |  | 
                22 total
 » upgrades
                
                | Long Rifles | 1 |  | 
| Lumber Harvesting | 1 |  | 
                2 total
 » buildings
                
                | Altar of Kings | 1 |  | 
| Barracks | 1 |  | 
| Farm | 6 |  | 
| Keep | 1 |  | 
| Scout Tower | 1 |  | 
| Blacksmith | 1 |  | 
| Arcane Tower | 1 |  | 
| Lumber Mill | 1 |  | 
| Workshop | 1 |  | 
| Arcane Sanctum | 1 |  | 
| Arcane Vault | 1 |  | 
| Castle | 1 |  | 
                17 total
 » build order
                00:07 Altar of Kings
00:11 Barracks
00:17 Farm
00:53 Farm
03:31 Keep
03:49 Scout Tower
04:12 Blacksmith
04:20 Farm
04:22 Arcane Tower
04:26 Lumber Mill
05:54 Workshop
06:19 Arcane Sanctum
08:26 Arcane Vault
08:37 Farm
09:04 Farm
09:05 Farm
12:08 Castle
» items
                
                | Scroll of Regeneration | 2 |  | 
| Scroll of Town Portal | 2 |  | 
| Potion of Healing | 2 |  | 
                6 total
  
                Chat log
          
(13:03 / All) DirtMcGirt: gg
(13:06 / All) Aeolean: gg